 Dungeon Crawl Stone Soup version 0.30.1-4-g462c640d31 (webtiles) character file.

Game seed: 257982899574514749

110 GimliDwarf the Cudgeller (level 4, 0/38 HPs)
             Began as a Gnoll Wanderer on Aug 15, 2023.
             Slain by Crazy Yiuf
             ... wielding a +3 quarterstaff of chaos
              (11 damage)
             ... on level 2 of the Dungeon.
             The game lasted 00:06:46 (2275 turns).

GimliDwarf the Cudgeller (Gnoll Wanderer)           Turns: 2275, Time: 00:06:47

Health: 0/38       AC:  3    Str: 12    XL:     4   Next: 91%
Magic:  0/8        EV: 11    Int: 13    God:
Gold:   101        SH:  9    Dex: 11    Spells: 4/9 levels left

rFire   + . .        a - +0 mace
rCold   + . .        b - +0 buckler
rNeg    . . .        d - +0 robe
rPois   +            l - +0 helmet
rElec   +            (no cloak)
rCorr   +            (no gloves)
SInv    .            (no boots)
Will    .....        e - amulet of reflection
Stlth   ++           (no ring)
HPRegen 0.26/turn    (no ring)
MPRegen 0.11/turn

%: reflection
@: resistant
A: fangs 1, strong nose, distributed training
a: no special abilities


You were on level 2 of the Dungeon.
You visited 1 branch of the dungeon, and saw 3 of its levels.

You collected 101 gold pieces.

Inventory:

Hand Weapons
 a - a +0 mace (weapon)
 g - a +2 dagger of flaming
 h - a +2 dagger of freezing
Armour
 b - a +0 buckler (worn)
 d - a +0 robe (worn)
 l - a +0 helmet (worn)
Jewellery
 e - an amulet of reflection (around neck)
Wands
 f - a wand of iceblast (6)
Potions
 c - 4 potions of curing
 i - a potion of resistance {unknown}
 j - a potion of might {unknown}


   Skills:
 + Level 4.7 Fighting
 + Level 1.3 Short Blades
 + Level 1.3 Long Blades
 + Level 1.3 Axes
 + Level 6.6 Maces & Flails
 + Level 1.3 Polearms
 + Level 1.3 Staves
 + Level 1.3 Ranged Weapons
 + Level 1.3 Throwing
 + Level 1.3 Armour
 + Level 1.3 Dodging
 + Level 1.3 Stealth
 + Level 2.9 Shields
 + Level 1.3 Unarmed Combat
 + Level 3.1 Spellcasting
 + Level 1.1 Conjurations
 + Level 1.1 Hexes
 + Level 1.1 Summonings
 + Level 1.1 Necromancy
 + Level 1.1 Translocations
 + Level 1.1 Transmutations
 + Level 3.9 Fire Magic
 + Level 1.1 Ice Magic
 + Level 1.1 Air Magic
 + Level 1.1 Earth Magic
 + Level 1.1 Poison Magic
 + Level 3.0 Invocations
 + Level 1.3 Evocations


You had 4 spell levels left.
You knew the following spells:

 Your Spells              Type           Power      Damage    Failure   Level
a - Foxfire               Conj/Fire      32%        2x1d5     11%         1
b - Summon Small Mammal   Summ           16%        N/A       21%         1
c - Magic Dart            Conj           16%        1d3       21%         1
d - Call Imp              Summ           8%         N/A       30%         2

Your spell library contained the following spells:

 Spells                   Type           Power      Damage    Failure   Level
 Kiss of Death            Conj/Necr      16%        2d6       21%         1
 Ignite Poison            Fire/Tmut/Pois 7%         N/A       38%         3
 Call Canine Familiar     Summ           4%         N/A       52%         3
 Confusing Touch          Hex            4%         N/A       52%         3
 Mephitic Cloud           Conj/Pois/Air  4%         N/A       52%         3
 Summon Guardian Golem    Hex/Summ       4%         N/A       52%         3
 Flame Wave               Conj/Fire      8%         2d5       73%         4
 Dispel Undead            Necr           4%         3d7       89%         4


Dungeon Overview and Level Annotations

Branches:
Dungeon (3/15)

Altars:

Annotations:
D:2 Crazy Yiuf


Innate Abilities, Weirdness & Mutations

You have very sharp teeth.
Your uncanny sense of smell can sniff out nearby items.
Your experience applies equally to all skills.


Message History

You see here a hobgoblin corpse.
You see here a hobgoblin corpse.
There is a stone staircase leading down here.
Okay, then.
You climb downwards.
There is a stone staircase leading up here.
The air fills with toxic fumes!
As you read the scroll labelled GEDEOGR WADOST, it crumbles to dust.
It was a scroll of poison.
You climb upwards.
Level annotation: 1 runed translucent door, Crazy Yiuf
There is a stone staircase leading down here.
Okay, then.
Okay, then.
You open the door. You hit Crazy Yiuf but do no damage.
Your bite misses Crazy Yiuf. You block Crazy Yiuf's attack.
You hit Crazy Yiuf but do no damage.
Crazy Yiuf says, "Cholesterol verde wrapper!"
Crazy Yiuf hits you with a +3 quarterstaff of chaos!
You feel your power leaking away.
You don't have enough magic to cast this spell.
Unknown command.
Casting: Magic Dart (safe; 21% risk of failure)
Confirm with . or Enter, or press ? or * to list all spells.
You don't have enough magic to cast this spell.
Casting: Magic Dart (safe; 21% risk of failure)
Confirm with . or Enter, or press ? or * to list all spells.
Okay, then.
You feel better. Crazy Yiuf misses you. Crazy Yiuf attacks as you move away!
Crazy Yiuf hits you with a +3 quarterstaff of chaos!
You feel protected.
Crazy Yiuf says, "Goldfish!
Fluff song song."
Crazy Yiuf attacks as you move away!
Crazy Yiuf hits you with a +3 quarterstaff of chaos!
* * * LOW HITPOINT WARNING * * *
Crazy Yiuf attacks as you move away!
Crazy Yiuf hits you with a +3 quarterstaff of chaos!
You die...

#.####.....##.###
#.#.# #.#
####.###...#
#######.#.# #.#
#.# ###.##
#.......... #.#
#.# #...#
#.######### #.#
#.# ##..## #.#
#.# #.# #....#
###.# #.# ####.#
♣....♣ #...# #.#
#....# ♣♣...♣
#...# #.####.##.#
♣♣@♣♣ #...#
#....#.#### ♣♣g♣
#...# ######
####†#.# ♣.♣♣
#...# #...#.
#.#.# ♣♣.♣ #.###
#..... #.#.####
♣.♣♣
#.######...#.
#.#.##.# #'#
#.......).##.
#.#.##.# ...
#(######).##.
#.#.##.# #...#
#.# #..##.
#.#.##.# #)..#
#.# #..##.


You could see Crazy Yiuf.

Vanquished Creatures
  Robin (D:2)
  3 adders (D:2)
  A worm (D:2)
  2 dart slugs (D:1)
  5 endoplasms
  2 giant cockroaches (D:1)
  9 goblins
  8 hobgoblins
  2 jackals (D:1)
  4 kobolds
  5 quokkas
  6 ball pythons
  3 bats
  2 frilled lizards
  5 rats
58 creatures vanquished.

Vanquished Creatures (collateral kills)
  A goblin (D:2)
1 creature vanquished.

Vanquished Creatures (others)
  69 foxfires
69 creatures vanquished.

Grand Total: 128 creatures vanquished

Notes
Turn   | Place    | Note
-------+----------+-------------------------------------------
     0 | D:1      | GimliDwarf the Gnoll Wanderer began the quest for the Orb.
     0 | D:1      | GimliDwarf set off with the following items: a +0 mace, a
                  | +0 buckler, a potion of curing, a +0 robe; and the
                  | following spell memorised: Foxfire; and the following
                  | spells available to memorise: Ignite Poison, Flame Wave.
     0 | D:1      | Reached XP level 1. HP: 20/20 MP: 4/4
   197 | D:1      | Reached XP level 2. HP: 26/26 MP: 2/5
   456 | D:1      | Reached XP level 3. HP: 26/31 MP: 7/7
  1063 | D:2      | Learned a level 1 spell: Summon Small Mammal
  1116 | D:2      | Reached skill level 1 in Short Blades
  1116 | D:2      | Reached skill level 1 in Long Blades
  1116 | D:2      | Reached skill level 1 in Axes
  1116 | D:2      | Reached skill level 1 in Polearms
  1116 | D:2      | Reached skill level 1 in Staves
  1116 | D:2      | Reached skill level 1 in Ranged Weapons
  1116 | D:2      | Reached skill level 1 in Throwing
  1116 | D:2      | Reached skill level 1 in Armour
  1116 | D:2      | Reached skill level 1 in Dodging
  1116 | D:2      | Reached skill level 1 in Stealth
  1116 | D:2      | Reached skill level 1 in Unarmed Combat
  1116 | D:2      | Reached skill level 1 in Evocations
  1211 | D:2      | Reached XP level 4. HP: 35/38 MP: 3/8
  1331 | D:2      | Noticed Robin
  1565 | D:2      | Reached skill level 1 in Conjurations
  1565 | D:2      | Reached skill level 1 in Hexes
  1565 | D:2      | Reached skill level 1 in Summonings
  1565 | D:2      | Reached skill level 1 in Necromancy
  1565 | D:2      | Reached skill level 1 in Translocations
  1565 | D:2      | Reached skill level 1 in Transmutations
  1565 | D:2      | Reached skill level 1 in Ice Magic
  1565 | D:2      | Reached skill level 1 in Air Magic
  1565 | D:2      | Reached skill level 1 in Earth Magic
  1565 | D:2      | Reached skill level 1 in Poison Magic
  1642 | D:2      | Killed Robin
  1735 | D:2      | Learned a level 1 spell: Magic Dart
  1738 | D:2      | Learned a level 2 spell: Call Imp
  1912 | D:2      | Found a runed translucent door.
  1913 | D:2      | Noticed Crazy Yiuf
  2275 | D:2      | Slain by Crazy Yiuf

Illustrated notes

Levels and vault maps discovered:
D:1:      dpeg_arrival_simpleton_b, layout_basic, st_stairs_11
D:2:      layout_loops_ring, uniq_robin, uniq_crazy_yiuf_cottage
D:3:      layout_basic, nicolae_uskayaw_murder_on_the_dancefloor,
          shapermc_ecumenical_altar_totnotflames, hex_tiny

Skill      XL: |  1  2  3  4 |
---------------+-------------+-----
Short Blades   | 1 |  1.3
Long Blades    | 1 |  1.3
Axes           | 1 |  1.3
Polearms       | 1 |  1.3
Staves         | 1 |  1.3
Ranged Weapons | 1 |  1.3
Throwing       | 1 |  1.3
Armour         | 1 |  1.3
Dodging        | 1 |  1.3
Stealth        | 1 |  1.3
Unarmed Combat | 1 |  1.3
Evocations     | 1 |  1.3
Spellcasting   | 3 |  3.1
Conjurations   | 1 |  1.1
Hexes          | 1 |  1.1
Summonings     | 1 |  1.1
Necromancy     | 1 |  1.1
Translocations | 1 |  1.1
Transmutations | 1 |  1.1
Ice Magic      | 1 |  1.1
Air Magic      | 1 |  1.1
Earth Magic    | 1 |  1.1
Poison Magic   | 1 |  1.1
Invocations    | 3 |  3.0
Fighting       | |  4.7
Maces & Flails | |  6.6
Shields        | |  2.9
Fire Magic     | |  3.9

Action                     |  1- 3 |  4- 6 || total
---------------------------+-------+-------++-------
  Melee: Mace              |    68 |    47 ||   115
         Bite              |     4 |     2 ||     6
   Cast: Foxfire           |    32 |     9 ||    41
         Magic Dart        |       |     9 ||     9
         Summon Small Mamm |       |     2 ||     2
    Use: Scroll            |     3 |     1 ||     4
         Potion            |       |     2 ||     2
   Stab: Sleeping          |     1 |     1 ||     2
 Armour: Robe              |    17 |     1 ||    18
  Dodge: Dodged            |    46 |    22 ||    68
  Block: Buckler           |    14 |    21 ||    35
